 Dungeon Crawl Stone Soup version 0.25.1-2-g60ff931df9 (console) character file.

Game seed: 7971739884990323007

13919 toffzen the Carver (level 11, 0/86 HPs)
             Began as a Vampire Berserker on Aug 11, 2020.
             Was a High Priest of Trog.
             Succumbed to a spiny frog's poison
             ... on level 1 of the Lair of Beasts on Aug 12, 2020.
             The game lasted 00:38:02 (11322 turns).

toffzen the Carver (Vampire Berserker)             Turns: 11322, Time: 00:38:02

Health: 0/86       AC: 13    Str: 25    XL:     11   Next: 81%
Magic:  11/11      EV: 12    Int: 11    God:    Trog [*****.]
Gold:   484        SH:  5    Dex: 13    Spells: 10/10 levels left

rFire    . . .     SeeInvis +   a - +1 falchion (vamp)
rCold    . . .     Gourm    .   r - +0 buckler
rNeg     . . .     Faith    .   M - +0 plate armour
rPois    .         Spirit   .   (no helmet)
rElec    .         Reflect  .   d - scarf {+Inv}
rCorr    .         Harm     .   (no gloves)
MR       +....                  (no boots)
Stlth    ..........             (no amulet)
HPRegen  0.44/turn              j - +6 ring of strength
MPRegen  0.12/turn              (no ring)

@: lethally poisoned (0 -> -32), berserk cooldown, regenerating quickly, slowed,
very slow
A: no food, fangs 3, see invisible, unbreathing
a: Exsanguinate, Berserk, Trog's Hand, Brothers in Arms, Renounce Religion,
Evoke Invisibility


You were on level 1 of the Lair of Beasts.
You worshipped Trog.
Trog was extremely pleased with you.
You were alive.

You visited 2 branches of the dungeon, and saw 12 of its levels.

You collected 484 gold pieces.

Inventory:

Hand Weapons
 a - a +1 vampiric falchion (weapon)
 b - a +1 scimitar of flaming
 v - a +0 hunting sling
 I - a +4 hunting sling
Missiles
 g - 11 boomerangs (quivered)
 h - 21 poisoned darts
 i - 356 stones
 D - 69 sling bullets
Armour
 d - a scarf of invisibility (worn)
 r - a +0 buckler (worn)
 J - +0 acid dragon scales
 M - a +0 plate armour (worn)
Jewellery
 j - a +6 ring of strength (left hand)
 L - an uncursed ring of fire
Wands
 l - a wand of polymorph (14)
 m - a wand of enslavement (1)
 x - a wand of digging (9)
 z - a wand of paralysis (3)
 E - a wand of clouds (7)
 G - a wand of acid (12)
 H - a wand of disintegration (9)
 N - a wand of iceblast (6)
Scrolls
 o - 3 scrolls of fear
 q - 3 scrolls of enchant armour
 t - a scroll of fog {unknown}
 u - a scroll of remove curse
 y - a scroll of enchant weapon
 A - 4 scrolls of identify
 B - 4 scrolls of teleportation
Potions
 c - a potion of magic
 e - 2 potions of ambrosia
 f - 5 potions of might
 k - 2 potions of lignification
 n - 2 potions of heal wounds
 p - a potion of degeneration {unknown}
 s - 4 potions of curing
 w - 2 potions of invisibility {unknown}
 C - a potion of cancellation {unknown}
 F - a potion of brilliance {unknown}
 K - a potion of haste {unknown}


   Skills:
 + Level 8.2 Fighting
 * Level 12.0 Long Blades
 + Level 7.2 Armour
 + Level 9.5 Dodging
 - Level 4.0 Shields


You had 10 spell levels left.
You didn't know any spells.
Your spell library was empty.

Dungeon Overview and Level Annotations

Branches:
Dungeon (10/15)            Temple (0/1) D:5            Lair (2/6) D:10
  Swamp (0/4) Lair:2          Orc (0/2) D:9
  Snake: Lair:2-4    Spider: Lair:2-4

Altars:
Cheibriados
Fedhas
Makhleb

Shops:
D:7 (

Portals:
Ice
Cave: Lair:1


Innate Abilities, Weirdness & Mutations

You do not eat.
Your natural rate of healing is unusually fast.
You have razor-sharp teeth.
You have supernaturally acute eyesight. (SInv)
You can survive without breathing.


Message History

The porcupine is moderately wounded.
* * * LOW HITPOINT WARNING * * *
You feel sick.
You slice the porcupine!!
You feel better.
You kill the porcupine!
Trog accepts your kill.
* * * LOW HITPOINT WARNING * * *
You feel sick.
You are too berserk!
You hear the quick crackling of a very distant melting archway.
* * * LOW HITPOINT WARNING * * *
You feel very sick.
Okay, then.
You feel a strong urge to attack something.
* * * LOW HITPOINT WARNING * * *
You feel sick.
You are no longer berserk.
You are exhausted.
You feel yourself slow down.
You die...

...................#
P#####+#..#.###.P.##.#
..........#..........#
.......#..#........#.#
.......#..#........+
)......#..#.........
.......#..#.......>
..........#........
#.+#+#....@####+##.
............†......
.................
.................
.................
.................
.......########.+
#.##.. . #..


There were no monsters in sight!

Vanquished Creatures
  A hydra (Lair:2)
  2 two-headed ogres (D:10)
  A necromancer (D:10)
  Pikel (D:7)
  Joseph (D:9)
  2 centaur zombies (D:10)
  A spiny frog (Lair:1)
  Maggie (D:8)
  2 trolls (D:10)
  Prince Ribbit (D:6)
  5 hippogriffs
  Grinder (D:5)
  2 wyverns
  A human (D:8)
  8 yaks
  4 hogs (D:8)
  3 vampire mosquitoes (D:10)
  3 hungry ghosts (D:9)
  3 porcupines (Lair:1)
  4 orc warriors
  2 sky beasts
  3 ice beasts
  A black bear (D:10)
  An eye of draining (D:10)
  2 ogres
  2 phantoms
  6 centaurs
  5 crocodiles
  4 big kobolds
  5 bullfrogs
  A gnoll sergeant (D:10)
  3 killer bees (D:10)
  6 scorpions
  2 troll zombies (D:9)
  5 wights (D:10)
  A howler monkey (D:5)
  4 crimson imps
  A bullfrog zombie (D:9)
  5 hounds
  A jelly (D:6)
  3 orc priests (D:8)
  4 bullfrog skeletons
  Ijyb (D:2)
  An iguana (D:6)
  A yak simulacrum (D:10)
  6 orc wizards
  4 polar bear simulacra (D:10)
  4 worker ants
  5 wolf simulacra (D:10)
  4 ogre zombies (D:9)
  12 gnolls
  9 adders
  2 howler monkey skeletons (D:9)
  A shadow imp (D:10)
  An ooze (D:2)
  An adder zombie (D:6)
  2 worms (D:1)
  3 dart slugs
  A leopard gecko (D:7)
  25 orcs
  5 bats
  5 giant cockroaches
  11 goblins
  8 hobgoblins
  4 jackals
  3 quokkas
  3 ball pythons
  6 frilled lizards
  A goblin skeleton (D:9)
  A goblin zombie (D:9)
  A hobgoblin zombie (D:9)
  A jackal skeleton (D:5)
  24 kobolds
  2 leopard gecko skeletons
  2 orc skeletons (D:9)
  14 orc zombies (D:9)
  A quokka skeleton (D:6)
  6 rats
  A river rat simulacrum (D:10)
296 creatures vanquished.

Vanquished Creatures (others)
  A slave (D:8)
  A centaur (D:8)
  A worker ant (D:8)
  5 orcs (D:8)
  2 jackals (D:8)
  48 fungi (D:10)
  17 plants (D:10)
75 creatures vanquished.

Grand Total: 371 creatures vanquished

Notes
Turn   | Place    | Note
-------+----------+-------------------------------------------
     0 | D:1      | toffzen the Vampire Berserker began the quest for the Orb.
     0 | D:1      | Reached XP level 1. HP: 17/17 MP: 1/1
   453 | D:1      | Reached XP level 2. HP: 23/23 MP: 2/2
   831 | D:1      | Reached XP level 3. HP: 16/22 MP: 3/3
  1088 | D:2      | Noticed Ijyb
  1115 | D:2      | Killed Ijyb
  1121 | D:2      | Reached ** piety under Trog
  1126 | D:2      | Reached XP level 4. HP: 19/24 MP: 4/4
  1392 | D:1      | Reached skill level 4 in Long Blades
  1861 | D:2      | Reached skill level 1 in Shields
  1910 | D:1      | Reached XP level 5. HP: 23/28 MP: 5/5
  2082 | D:2      | Found a snail-covered altar of Cheibriados.
  2452 | D:3      | Found a faded altar of an unknown god.
  2861 | D:3      | Reached *** piety under Trog
  2934 | D:4      | Found a burning altar of Makhleb.
  3375 | D:5      | Entered Level 5 of the Dungeon
  3463 | D:5      | Noticed a centaur
  3470 | D:5      | Killed a centaur
  3470 | D:5      | Reached XP level 6. HP: 35/37 MP: 6/6
  3701 | D:5      | Found a staircase to the Ecumenical Temple.
  3754 | D:5      | Reached skill level 5 in Long Blades
  3853 | D:5      | Noticed an ice beast
  3867 | D:5      | Killed an ice beast
  3939 | D:5      | Reached XP level 7. HP: 41/53 MP: 7/7
  4116 | D:5      | Identified the +1 leather armour of the World {rPois}
  4206 | D:5      | Noticed Grinder
  4226 | D:5      | Paralysed by Grinder for 6 turns
  4236 | D:5      | Killed Grinder
  4706 | D:6      | Reached skill level 6 in Long Blades
  4762 | D:6      | Reached XP level 8. HP: 61/61 MP: 8/8
  4911 | D:6      | Noticed Prince Ribbit
  4930 | D:6      | Killed Prince Ribbit
  4930 | D:6      | Reached skill level 5 in Dodging
  5361 | D:6      | Found a blossoming altar of Fedhas.
  5534 | D:6      | Reached skill level 7 in Long Blades
  5698 | D:7      | Noticed a hippogriff
  5710 | D:7      | Killed a hippogriff
  5710 | D:7      | Reached skill level 5 in Fighting
  5822 | D:7      | Found Neyve's Weapon Shop.
  5860 | D:7      | Reached XP level 9. HP: 68/68 MP: 9/9
  6347 | D:8      | Noticed Maggie
  6356 | D:8      | Killed Maggie
  6356 | D:8      | Reached skill level 8 in Long Blades
  6357 | D:8      | Noticed Pikel
  6642 | D:7      | Killed Pikel
  6851 | D:8      | Reached skill level 5 in Armour
  6921 | D:8      | Reached **** piety under Trog
  7081 | D:8      | Reached skill level 9 in Long Blades
  7129 | D:8      | Reached XP level 10. HP: 76/76 MP: 10/10
  7532 | D:9      | Noticed Joseph
  7575 | D:9      | Killed Joseph
  8084 | D:9      | Found a staircase to the Orcish Mines.
  8132 | D:9      | Reached skill level 10 in Long Blades
  8702 | D:10     | Entered Level 10 of the Dungeon
  9016 | D:10     | Reached ***** piety under Trog
  9160 | D:10     | Noticed a two-headed ogre
  9172 | D:10     | Killed a two-headed ogre
  9329 | D:10     | Reached XP level 11. HP: 84/84 MP: 7/11
  9416 | D:10     | Found a staircase to the Lair.
  9525 | D:10     | Noticed a two-headed ogre
  9533 | D:10     | Killed a two-headed ogre
  9533 | D:10     | Reached skill level 11 in Long Blades
  9909 | D:10     | Noticed a necromancer
  9922 | D:10     | Killed a necromancer
 10214 | D:10     | Received a gift from Trog
 10739 | Lair:1   | Entered Level 1 of the Lair of Beasts
 10869 | Lair:1   | Found a frozen archway.
 10885 | Lair:1   | You fall into a shaft and drop 1 floor!
 10885 | Lair:2   | Found a staircase to the Swamp.
 10886 | Lair:2   | Noticed a seven-headed hydra
 10890 | Lair:2   | Killed a four-headed hydra
 11249 | Lair:1   | Reached skill level 12 in Long Blades
 11320 | Lair:1   | HP: 6/129 [poisoned by a spiny frog]
 11322 | Lair:1   | Succumbed to a spiny frog's poison

Illustrated notes

Levels and vault maps discovered:
D:1:      dpeg_arrival_simpleton_b, layout_basic
D:2:      kennysheep_the_goblin_king, layout_rooms, kennysheep_slug_shrine,
          first_ration, minmay_tromino_i2
D:3:      layout_rooms, chequers_ecumenical_altar_island
D:4:      layout_cave_pods, palyth_stone_intersect, makhleb_blood_cavern_becter
D:5:      layout_loops_ring, minmay_temple_entry_sparse_star, corexii_shack,
          uniq_grinder
D:6:      layout_gridville, basic_altar, uniq_prince_ribbit1
D:7:      layout_basic, serial_shops, shop
D:8:      layout_rooms, enter_bailey_3, grunt_livestock, uniq_pikel, uniq_maggie
D:9:      layout_basic, zombieorc1_lemuel, uniq_joseph
D:10:     layout_gridville, due_lair_maze_entry_diamond,
          chequers_serial_rivers_micro_a, eino_house_with_fridge
Lair:1:   layout_regular_city, portal_ice_cave_entry_pillars_2,
          grunt_megastairs_3
Lair:2:   mu_elephants_graveyard, layout_cave_pods, swamp_mist_pool

Skill      XL: |  1  2  3  4  5  6  7  8  9 10 11 |
---------------+----------------------------------+-----
Fighting       | 3 4 5 6 7 8 |  8.2
Armour         | 2 3 4 5 6 7 |  7.2
Long Blades    | 4 5 6 7 9 10 12 | 12.0
Dodging        | 3 4 5 7 8 9 |  9.5
Shields        | 1 2 3 4 |  4.0

Action                   |  1- 3 |  4- 6 |  7- 9 | 10-12 || total
-------------------------+-------+-------+-------+-------++-------
Melee: Falchion          |   118 |   153 |   314 |   721 ||  1306
       Bite              |    13 |    23 |    47 |   140 ||   223
       Dagger            |       |    15 |       |       ||    15
       Scimitar          |       |       |       |     3 ||     3
Throw: Boomerang         |    10 |     5 |    14 |    15 ||    44
Invok: Berserk           |     3 |     4 |    12 |    11 ||    30
       Trog's Hand       |       |       |     4 |     1 ||     5
 Abil: Exsanguinate      |     2 |       |       |       ||     2
       Revivify          |     1 |     1 |       |       ||     2
Evoke: Wand              |       |       |       |     6 ||     6
  Use: Scroll            |       |    12 |     5 |     5 ||    22
       Potion            |       |       |       |     1 ||     1
 Stab: Sleeping          |     1 |     4 |       |       ||     5
       Paralysed         |       |       |       |     4 ||     4
Armor: Scale mail        |    41 |    77 |    53 |       ||   171
       Acid dragon scale |       |       |    13 |   106 ||   119
       Plate armour      |       |       |       |    56 ||    56
Dodge: Dodged            |    52 |    92 |   125 |   340 ||   609
Block: Buckler           |     7 |    24 |    48 |   135 ||   214
       Rpst.: Falchion   |    18 |    31 |    34 |    87 ||   170
       Scimitar          |       |       |       |     1 ||     1
